General information
			
			
        
        - name: BNet
 
        - type: Ladder team game (AT/RT)
 
        - host: Battle.net
 
        - saver: brucewillisusa
 
        
map: Slalom 
        - players: 8
 
        - length: 13:18
 
        - speed: Fast
 - version: 1.22 W3XP
 - replay type:  Public
 
» download(70 KB)
Players
        team 1 (winner) 
              
              
» 
FatalError1 (
pink | 66 APM | 884 actions | 13:18)
              
 5 Paladin 
 3 Holy Light
 1 Divine Shield
 1 Devotion Aura
 
                » actions 
                
                | Assign group hotkey | 13 |  | 
| Basic commands | 69 |  | 
| Build / train | 52 |  | 
| Enter build submenu | 18 |  | 
| Enter hero's abilities submenu | 5 |  | 
| Remove unit from queue | 2 |  | 
| Right click | 192 |  | 
| Select / deselect | 122 |  | 
| Select group hotkey | 374 |  | 
| Use ability | 37 |  | 
                884 total
 » units 
                
                | Peasant | 14 |  | 
| Footman | 5 |  | 
| Priest | 4 |  | 
| Knight | 11 |  | 
                34 total
 » upgrades
                
                | Swords | 2 |  | 
| Plating | 2 |  | 
| Defend | 1 |  | 
| Priest Training | 2 |  | 
| Animal War Training | 1 |  | 
                8 total
 » buildings
                
                | Altar of Kings | 1 |  | 
| Farm | 10 |  | 
| Barracks | 2 |  | 
| Lumber Mill | 1 |  | 
| Keep | 1 |  | 
| Blacksmith | 1 |  | 
| Arcane Vault | 1 |  | 
| Castle | 1 |  | 
| Arcane Sanctum | 1 |  | 
| Town Hall | 1 |  | 
                20 total
 » build order
                00:10 Altar of Kings
00:29 Farm
01:08 Farm
01:19 Barracks
01:42 Lumber Mill
01:51 Farm
02:52 Keep
03:05 Farm
03:29 Blacksmith
04:15 Farm
04:41 Arcane Vault
05:14 Castle
05:18 Arcane Sanctum
06:34 Town Hall
06:41 Farm
06:57 Barracks
08:23 Farm
09:27 Farm
10:08 Farm
11:16 Farm
 
               
              
              
» 
stokkies (
purple | 37 APM | 499 actions | 13:18)
              
 5 Death Knight 
 3 Death Coil
 2 Unholy Aura
 1 Lich 
 1 Frost Nova
 
                » actions 
                
                | Basic commands | 77 |  | 
| Build / train | 35 |  | 
| Enter build submenu | 16 |  | 
| Enter hero's abilities submenu | 6 |  | 
| Give item / drop item | 1 |  | 
| Remove unit from queue | 1 |  | 
| Right click | 119 |  | 
| Select / deselect | 222 |  | 
| Use ability | 22 |  | 
                499 total
 » units 
                
                | Acolyte | 2 |  | 
| Ghoul | 5 |  | 
| Crypt Fiend | 6 |  | 
| Frost Wyrm | 3 |  | 
                16 total
 » upgrades
                
                | Creature Attack | 3 |  | 
| Creature Carapace | 2 |  | 
| Web | 1 |  | 
| Freezing Breath | 1 |  | 
                7 total
 » buildings
                
                | Crypt | 1 |  | 
| Ziggurat | 7 |  | 
| Graveyard | 1 |  | 
| Altar of Darkness | 1 |  | 
| Tomb of Relics | 1 |  | 
| Halls of the Dead | 1 |  | 
| Black Citadel | 1 |  | 
| Sacrificial Pit | 1 |  | 
| Boneyard | 2 |  | 
                16 total
 » build order
                00:08 Crypt
00:11 Ziggurat
00:47 Graveyard
01:08 Altar of Darkness
01:46 Ziggurat
02:28 Tomb of Relics
03:13 Halls of the Dead
04:21 Ziggurat
06:34 Black Citadel
06:38 Sacrificial Pit
06:47 Ziggurat
06:52 Ziggurat
09:16 Boneyard
09:25 Boneyard
09:28 Ziggurat
13:12 Ziggurat
» items
                 
               
              
              
MrSandmansDream (
green | 31 APM | 415 actions | 13:18)
              
 4 Death Knight 
 2 Death Coil
 2 Unholy Aura
 3 Lich 
 2 Frost Nova
 1 Frost Armor
 
                » actions 
                
                | Assign group hotkey | 6 |  | 
| Basic commands | 7 |  | 
| Build / train | 43 |  | 
| Enter build submenu | 11 |  | 
| Enter hero's abilities submenu | 7 |  | 
| Give item / drop item | 2 |  | 
| Remove unit from queue | 1 |  | 
| Right click | 153 |  | 
| Select / deselect | 145 |  | 
| Select group hotkey | 16 |  | 
| Use ability | 24 |  | 
                415 total
 » units 
                » upgrades
                
                | Creature Attack | 2 |  | 
| Creature Carapace | 2 |  | 
                4 total
 » buildings
                
                | Crypt | 3 |  | 
| Altar of Darkness | 1 |  | 
| Ziggurat | 9 |  | 
| Halls of the Dead | 1 |  | 
| Graveyard | 1 |  | 
| Black Citadel | 1 |  | 
                16 total
 » build order
                00:07 Crypt
00:11 Altar of Darkness
00:24 Ziggurat
00:56 Ziggurat
02:24 Halls of the Dead
03:02 Graveyard
03:26 Ziggurat
05:34 Crypt
05:35 Crypt
06:48 Ziggurat
06:49 Ziggurat
09:48 Ziggurat
09:48 Ziggurat
11:54 Black Citadel
12:46 Ziggurat
12:47 Ziggurat
 
               
              
              
» 
NerdFest2009 (
teal | 32 APM | 426 actions | 13:18)
              
 5 Archmage 
 3 Summon Water Elemental
 2 Brilliance Aura
 
                » actions 
                
                | Assign group hotkey | 14 |  | 
| Build / train | 42 |  | 
| Enter build submenu | 19 |  | 
| Enter hero's abilities submenu | 5 |  | 
| Right click | 164 |  | 
| Select / deselect | 128 |  | 
| Select group hotkey | 19 |  | 
| Use ability | 35 |  | 
                426 total
 » units 
                
                | Peasant | 10 |  | 
| Dragonhawk Rider | 7 |  | 
| Knight | 1 |  | 
                18 total
 » upgrades
                
                | Swords | 3 |  | 
| Armor | 2 |  | 
| Masonry | 3 |  | 
| Plating | 2 |  | 
| Lumber Harvesting | 2 |  | 
| Animal War Training | 1 |  | 
| Cloud | 1 |  | 
                14 total
 » buildings
                
                | Farm | 10 |  | 
| Altar of Kings | 1 |  | 
| Blacksmith | 1 |  | 
| Lumber Mill | 1 |  | 
| Keep | 1 |  | 
| Barracks | 1 |  | 
| Castle | 1 |  | 
| Gryphon Aviary | 2 |  | 
| Arcane Vault | 1 |  | 
| Town Hall | 1 |  | 
                20 total
 » build order
                00:15 Farm
00:56 Altar of Kings
01:03 Farm
01:54 Farm
02:20 Blacksmith
02:27 Lumber Mill
02:41 Keep
03:32 Farm
03:41 Barracks
05:03 Castle
05:07 Farm
05:13 Gryphon Aviary
05:18 Gryphon Aviary
06:13 Farm
06:19 Farm
06:47 Arcane Vault
07:08 Farm
07:43 Farm
07:53 Farm
12:03 Town Hall
» items
                
                | Potion of Lesser Invulnerability | 1 |  | 
| Periapt of Vitality | 1 |  | 
                2 total
  
               team 2 (loser) 
              
              
» 
The-Highroller (
orange | 27 APM | 287 actions | 10:31)
              
 3 Mountain King 
 2 Storm Bolt
 1 Bash
 
                » actions 
                
                | Assign group hotkey | 3 |  | 
| Basic commands | 8 |  | 
| Build / train | 30 |  | 
| Enter build submenu | 12 |  | 
| Enter hero's abilities submenu | 3 |  | 
| Remove unit from queue | 1 |  | 
| Right click | 113 |  | 
| Select / deselect | 90 |  | 
| Use ability | 27 |  | 
                287 total
 » units 
                » upgrades
                
                | Defend | 1 |  | 
| Lumber Harvesting | 1 |  | 
| Masonry | 1 |  | 
                3 total
 » buildings
                
                | Altar of Kings | 1 |  | 
| Barracks | 1 |  | 
| Farm | 9 |  | 
| Scout Tower | 2 |  | 
| Arcane Tower | 1 |  | 
| Keep | 1 |  | 
| Arcane Vault | 1 |  | 
| Lumber Mill | 1 |  | 
| Town Hall | 1 |  | 
| Castle | 1 |  | 
                19 total
 » build order
                00:13 Altar of Kings
00:17 Barracks
00:31 Farm
00:32 Farm
01:52 Scout Tower
02:23 Farm
02:28 Arcane Tower
03:49 Keep
04:27 Arcane Vault
04:47 Lumber Mill
05:41 Farm
05:42 Farm
05:43 Farm
07:27 Town Hall
07:49 Farm
07:50 Farm
07:51 Farm
08:48 Castle
08:53 Scout Tower
» items
                 
               
              
              
PR0JEcTPR0 (
blue | 32 APM | 423 actions | 13:18)
              
 3 Priestess of the Moon 
 1 Searing Arrows
 2 Trueshot Aura
 1 Mountain King 
 1 Bash
 
                » actions 
                
                | Assign group hotkey | 2 |  | 
| Basic commands | 30 |  | 
| Build / train | 42 |  | 
| Enter build submenu | 16 |  | 
| Enter hero's abilities submenu | 4 |  | 
| Remove unit from queue | 2 |  | 
| Right click | 163 |  | 
| Select / deselect | 140 |  | 
| Select group hotkey | 1 |  | 
| Use ability | 23 |  | 
                423 total
 » units 
                
                | Wisp | 20 |  | 
| Huntress | 2 |  | 
| Hippogryph | 5 |  | 
| Chimaera | 2 |  | 
                29 total
 » upgrades
                
                | Strength of the Wild | 2 |  | 
| Reinforced Hides | 2 |  | 
                4 total
 » buildings
                
                | Altar of Elders | 1 |  | 
| Moon Well | 5 |  | 
| Hunter's Hall | 1 |  | 
| Ancient of War | 2 |  | 
| Tree of Ages | 1 |  | 
| Tree of Life | 1 |  | 
| Tree of Eternity | 1 |  | 
| Ancient of Wind | 2 |  | 
| Chimaera Roost | 3 |  | 
                17 total
 » build order
                00:05 Altar of Elders
00:17 Moon Well
01:52 Hunter's Hall
02:01 Ancient of War
02:17 Ancient of War
02:30 Moon Well
02:31 Moon Well
04:00 Tree of Ages
05:10 Moon Well
05:12 Moon Well
05:37 Tree of Life
06:56 Tree of Eternity
07:05 Ancient of Wind
08:19 Ancient of Wind
09:25 Chimaera Roost
09:27 Chimaera Roost
09:29 Chimaera Roost
 
               
              
              
» 
BS-DoggyStyle (
red | 19 APM | 117 actions | 06:06)
              
 1 Paladin 
 1 Devotion Aura
 
                » actions 
                
                | Basic commands | 10 |  | 
| Build / train | 13 |  | 
| Enter build submenu | 7 |  | 
| Enter hero's abilities submenu | 1 |  | 
| Right click | 35 |  | 
| Select / deselect | 42 |  | 
| Use ability | 9 |  | 
                117 total
 » units 
                » buildings
                
                | Farm | 4 |  | 
| Altar of Kings | 1 |  | 
| Barracks | 2 |  | 
                7 total
 » build order
                00:22 Farm
00:35 Altar of Kings
00:59 Farm
01:43 Barracks
01:46 Barracks
01:52 Farm
02:38 Farm
 
               
              
              
brucewillisusa (
yellow | 40 APM | 534 actions | 13:18)
              
 1 Archmage 
 1 Blizzard
 
                » actions 
                
                | Assign group hotkey | 8 |  | 
| Basic commands | 36 |  | 
| Build / train | 20 |  | 
| ESC pressed | 2 |  | 
| Enter build submenu | 14 |  | 
| Enter hero's abilities submenu | 1 |  | 
| Give item / drop item | 4 |  | 
| Right click | 242 |  | 
| Select / deselect | 156 |  | 
| Select group hotkey | 17 |  | 
| Use ability | 34 |  | 
                534 total
 » units 
                » upgrades
                
                | Backpack | 1 |  | 
| Masonry | 1 |  | 
| Long Rifles | 1 |  | 
                3 total
 » buildings
                » build order
                00:30 Altar of Kings
00:32 Farm
01:43 Farm
03:39 Farm
03:45 Farm
03:46 Farm
03:46 Farm
03:47 Farm
03:49 Farm
03:50 Farm
03:53 Farm
03:55 Farm
03:56 Farm
 
                Chat log
          (00:05 / Allies) brucewillisusa: ;)
(00:35 / Allies) brucewillisusa: u know
(00:38 / Allies) brucewillisusa: u can disable that feature
(00:41 / Allies) brucewillisusa: in the config file
(00:44 / Allies) brucewillisusa: some ppl stab u
(00:45 / Allies) brucewillisusa: when u do that
(00:51 / Allies) PR0JEcTPR0: its just auto share
(00:56 / Allies) brucewillisusa: y
(00:57 / Allies) brucewillisusa: ya
(01:00 / Allies) brucewillisusa: but its part of maphack
(01:04 / Allies) brucewillisusa: and some ppl know that
(01:05 / Allies) PR0JEcTPR0: naw i dun have mh
(01:15 / Allies) brucewillisusa: k, ur getting stabbed for being a clown
(01:19 / Allies) PR0JEcTPR0: if i had mh
(01:22 / Allies) BS-DoggyStyle: ...
(01:23 / Allies) PR0JEcTPR0: id have 
(01:28 / Allies) PR0JEcTPR0: perfect streak
(01:33 / Allies) brucewillisusa: how about is how you a link to maphack with autoshare at start
(01:33 / Allies) The-Highroller: not necessarily
(01:38 / Allies) brucewillisusa: and us how me a link to just autoshare
(01:39 / Allies) The-Highroller: you could just get outmicroed lol
(01:43 / Allies) PR0JEcTPR0: what?
(01:57 / All) brucewillisusa: fyi
(02:02 / All) brucewillisusa: if someone shares control with you at 0 seconds
(02:05 / All) brucewillisusa: its part of cengine maphack
(02:12 / Allies) PR0JEcTPR0: oh so u have it?
(02:16 / Allies) brucewillisusa: ya 
(02:19 / Allies) PR0JEcTPR0: fukin hacker
(02:22 / Allies) brucewillisusa: rofl
(02:23 / Allies) PR0JEcTPR0: reporting
(02:24 / Allies) brucewillisusa: dumb clown
(02:27 / All) MrSandmansDream: does it work?
(02:32 / All) brucewillisusa:  ...
(02:33 / Allies) BS-DoggyStyle: you guys are too funny
(02:40 / All) MrSandmansDream: or will u lag out?
(02:41 / All) PR0JEcTPR0: bsers get banned now ROFL
(02:48 / Allies) PR0JEcTPR0: all good
(02:48 / Allies) brucewillisusa: u think so?
(02:50 / Allies) brucewillisusa: well see i guess
(02:54 / Allies) PR0JEcTPR0: i know so
(02:56 / All) MrSandmansDream: know where i can DL it?
(03:28 / Allies) PR0JEcTPR0: just kill yellow
(04:19 / Allies) BS-DoggyStyle: hey bruce any time I see you in the future i'll be BSing
(04:22 / Allies) brucewillisusa: k
(04:36 / Allies) PR0JEcTPR0: dun worry he banned
(04:41 / Allies) brucewillisusa: he has maphack retard
(04:44 / Allies) brucewillisusa: u miss the whole chat?
(04:44 / Allies) PR0JEcTPR0: cuz he has no life ROFL
(04:51 / Allies) BS-DoggyStyle: your the retard
(04:52 / Allies) The-Highroller: I dont care if he maphacks
(04:57 / Allies) PR0JEcTPR0: expo this
(04:59 / Allies) The-Highroller: this isnt a dota tournament, it's idiotcraft 3
(04:59 / Allies) BS-DoggyStyle: he maphacks so you kill me?
(05:00 / All) MrSandmansDream: nice?
(05:00 / Allies) PR0JEcTPR0: yellow just sucks
(05:03 / Allies) BS-DoggyStyle: faggot
(05:07 / Allies) brucewillisusa: i knew youd react slower
(05:08 / Allies) brucewillisusa: than him
(05:14 / Allies) brucewillisusa: hackers in general have more skill than average rter
(05:17 / All) PR0JEcTPR0: cRY MORE YELLOW LOL
(05:24 / All) brucewillisusa: im cryin ur dyin
(05:29 / All) PR0JEcTPR0: umm
(05:31 / All) PR0JEcTPR0: ok...
(05:34 / All) PR0JEcTPR0: im not kthx
(05:42 / All) MrSandmansDream: didnt he just say bsers get banned?
(05:48 / Allies) PR0JEcTPR0: rebuild red
(05:50 / All) brucewillisusa: i stabbed cuz he has maphack
(05:53 / All) brucewillisusa: and lied about it
(06:00 / All) MrSandmansDream: gotcha
(06:00 / All) PR0JEcTPR0: he thinks i have mh ROFL
(06:10 / All) brucewillisusa: watch replay if you really care
(06:10 / All) PR0JEcTPR0: yellow is just a poor soul with no life
(06:13 / All) brucewillisusa: he shares control at 0 seconds
(06:14 / All) MrSandmansDream: i dont sorry
(06:17 / All) brucewillisusa: thought so
(07:34 / Allies) The-Highroller: i dont get why you TK'ed someone over a maphack
(07:39 / Allies) The-Highroller: this isnt a competitive game anyway
(07:40 / Allies) brucewillisusa: i tked him for lying about it
(07:48 / Allies) brucewillisusa: some ppl dont like facing enemy hacker
(07:52 / Allies) brucewillisusa: so they stab allied ones
(08:05 / All) PR0JEcTPR0: yelllow still talking?
(08:13 / All) MrSandmansDream: nope
(08:17 / All) brucewillisusa: rofl
(08:21 / Allies) The-Highroller: I just dont get why you cared enough to ruin a game for yourself
(08:30 / Allies) The-Highroller: in a game you obviously care enough about to talk in for 10 minutes
(10:21 / Allies) The-Highroller: whatever yellow, you're a child named brucewillisusa
(10:27 / Allies) The-Highroller: I have a master's degree, trash
(10:38 / Allies) brucewillisusa: lol
(11:08 / All) brucewillisusa: im the best
(11:09 / All) brucewillisusa: around
(11:12 / All) brucewillisusa: nothings ever gonna keep me down
(11:16 / All) brucewillisusa: cuzim the best
(11:17 / All) brucewillisusa: around